 Dungeon Crawl Stone Soup version 0.31-a0-187-gba352fbbf7 (webtiles) character file.

Game seed: 13632631289086203148

78 qw the Shooter (level 4, -6/25 HPs)
             Began as a Deep Elf Hunter on June 22, 2023.
             Killed from afar by an orc wizard (11 damage)
             ... with a magic dart
             ... on level 2 of the Dungeon.
             The game lasted 00:00:41 (1558 turns).

qw the Shooter (Deep Elf Hunter)                    Turns: 1558, Time: 00:00:41

Health: -6/25      AC:  8    Str: 10    XL:     4   Next: 15%
Magic:  6/6        EV: 11    Int: 14    God:
Gold:   31         SH:  0    Dex: 18    Spells: 3/3 levels left

rFire   . . .        Y - +0 shortbow
rCold   . . .        (shield currently unavailable)
rNeg    . . .        d - +0 ring mail
rPois   .            (no helmet)
rElec   .            e - +0 cloak
rCorr   .            b - +0 pair of gloves
SInv    .            h - +0 pair of boots
Will    .....        a - amulet of regeneration Stlth
                     (no ring)
HPRegen 1.04/turn    (no ring)
MPRegen 0.10/turn

%: no passive effects
@: confused
A: no striking features
a: no special abilities


You were on level 2 of the Dungeon.
You visited 1 branch of the dungeon, and saw 3 of its levels.

You collected 31 gold pieces.


   Skills:
 - Level 1.5 Fighting
 + Level 7.6 Ranged Weapons
 - Level 2.4 Dodging
 - Level 1.2 Stealth


You had 3 spell levels left.
You didn't know any spells.
Your spell library was empty.

Inventory:

Hand Weapons
 Y - a +0 shortbow (weapon)
Armour
 b - a +0 pair of gloves (worn)
 d - a +0 ring mail (worn)
 e - a +0 cloak (worn)
 h - a +0 pair of boots (worn)
Jewellery
 a - an amulet of regeneration (around neck)
Potions
 f - a potion of heal wounds {unknown}
 g - a potion of mutation {unknown}

Dungeon Overview and Level Annotations

Branches:
Dungeon (3/15)

Altars:

Annotations:
D:2 1 runed translucent door, Crazy Yiuf


Message History

You shoot an arrow. The arrow hits the orc.
The orc is heavily wounded.
The orc hits you with a +0 club. Something hits you but does no damage.
Deactivating autopickup; reactivate with Ctrl-A.
You shoot an arrow. The arrow closely misses the orc.
The orc barely misses you. Something hits you.
You shoot an arrow. The arrow completely misses the orc.
The orc hits you but does no damage. Something hits you.
You shoot an arrow. The arrow barely misses the orc.
The orc misses you. Something hits you but does no damage.
You shoot an arrow. The arrow hits the orc.
The orc is heavily wounded.
The orc hits you but does no damage.
You hear some strange, mumbled words.
You are confused.
The orc barely misses you. Something hits you but does no damage.
You hear some strange, mumbled words.
Something tries to affect you, but you resist.
The orc closely misses you. Something hits you but does no damage.
The orc hits you with a +0 club.
You hear some strange, mumbled words.
You are more confused.
The orc closely misses you.
You hear some strange, mumbled words.
You are more confused.
The orc closely misses you. Something hits you but does no damage.
The orc hits you with a +0 club. Something hits you but does no damage.
The orc completely misses you. Something hits you. The orc closely misses you.
Something hits you but does no damage. The orc hits you but does no damage.
Something hits you but does no damage. The orc hits you with a +0 club.
Something hits you but does no damage. The orc closely misses you.
Something hits you but does no damage. The orc hits you with a +0 club.
Something hits you. The orc hits you with a +0 club. Something hits you.
The orc barely misses you. Something hits you. The orc hits you with a +0 club.
You hear some strange, mumbled words.
A magic dart appears from out of thin air!
The magic dart hits you!
You die...

#....# #.#####
##)##########.# #..#
#.......# #.##
#.....[.# ##.#
#.......# ...#
#.......# ####
#.......# #
#.......#######
#.......#@o...# ##
#.......#.{...#
.#######.......#.....#
...............#.....#
#############........#
.# #..#.....# .###
##.......## ...####
##........## ##....##
##..####....#


You could see an orc.

Vanquished Creatures
  A gnoll (D:1)
  A worm (D:2)
  2 dart slugs (D:2)
  7 orcs
  An endoplasm (D:1)
  2 giant cockroaches (D:1)
  4 goblins
  8 hobgoblins
  2 quokkas
  A ball python (D:2)
  5 bats (D:1)
  5 frilled lizards
  10 kobolds
  3 rats
52 creatures vanquished.

Notes
Turn   | Place    | Note
-------+----------+-------------------------------------------
     0 | D:1      | qw the Deep Elf Hunter began the quest for the Orb.
     0 | D:1      | Reached XP level 1. HP: 12/12 MP: 3/3
     0 | D:1      | 0 ||| qw: Version: 0.3-a-9-g12657ce
     0 | D:1      | 0 ||| qw: Game counter: 2254
     0 | D:1      | 0 ||| qw: Always use a shield: true
     0 | D:1      | 0 ||| qw: God list: Okawaru
     0 | D:1      | 0 ||| qw: Allow faded altars: false
     0 | D:1      | 0 ||| qw: Do Orc after D:15 true
     0 | D:1      | 0 ||| qw: Do second Lair branch before Depths: true
     0 | D:1      | 0 ||| qw: Lair rune preference: random
     0 | D:1      | 0 ||| qw: Plans: Normal
     0 | D:1      | 0 ||| PLANNING D:1-11
   146 | D:1      | Reached skill level 6 in Ranged Weapons
   146 | D:1      | Reached XP level 2. HP: 16/16 MP: 4/4
   300 | D:1      | Found a faded altar of an unknown god.
   389 | D:1      | Reached XP level 3. HP: 13/20 MP: 5/5
   748 | D:1      | 748 ||| UPGRADING to +0 cloak.
   753 | D:1      | 753 ||| UPGRADING to +0 pair of boots.
   758 | D:1      | 758 ||| READING 2 scrolls labelled HEEPUZ YWKOYTI.
   763 | D:1      | 763 ||| READING scroll labelled BOACIE BAKKUE.
   864 | D:1      | 864 ||| READING scroll labelled BOSYCUSTREI.
   865 | D:1      | 865 ||| READING scroll labelled PAEDIW DEPSU.
   866 | D:1      | 866 ||| DROPPING scroll of butterflies.
   895 | D:2      | 895 ||| STAIRDANCE
   905 | D:2      | 905 ||| STAIRDANCE
   908 | D:1      | Reached skill level 7 in Ranged Weapons
   963 | D:2      | HP: 4/20 [orc/+0 flail (8)]
   964 | D:2      | 964 ||| READING scroll of teleportation.
  1261 | D:2      | Found a runed translucent door.
  1262 | D:2      | Noticed Crazy Yiuf
  1337 | D:2      | Reached XP level 4. HP: 25/25 MP: 6/6
  1436 | D:2      | 1436 ||| UPGRADING to +0 pair of gloves.
  1441 | D:2      | 1441 ||| UPGRADING to +0 ring mail.
  1451 | D:2      | 1451 ||| DROPPING +0 leather armour.
  1452 | D:2      | 1452 ||| UPGRADING to amulet of regeneration.
  1484 | D:3      | 1484 ||| STAIRDANCE
  1531 | D:3      | HP: 6/25 [orc wizard/puff of flame (7)]
  1537 | D:3      | 1537 ||| STAIRDANCE
  1555 | D:2      | HP: 5/25 [orc/+0 club (3)]
  1558 | D:2      | Killed from afar by an orc wizard

Levels and vault maps discovered:
D:1:      dpeg_arrival_castle, layout_basic, ebering_ecumenical_altar_mist
D:2:      layout_rooms, minmay_domino_2, uniq_crazy_yiuf_cottage
D:3:      cheibrodos_helix_gallery, layout_loops_ring

Skill      XL: |  1  2  3 |
---------------+----------+-----
Ranged Weapons | 6 7 |  7.6
Fighting       | |  1.5
Dodging        | |  2.4
Stealth        | |  1.2

Action                     |  1- 3 |  4- 6 || total
---------------------------+-------+-------++-------
   Fire: Shortbow          |   109 |    25 ||   134
    Use: Scroll            |     5 |       ||     5
 Armour: Leather armour    |     1 |       ||     1
         Ring mail         |       |    25 ||    25
  Dodge: Dodged            |    17 |    20 ||    37

Table legend:
 A = Non-vault XP
 B = Vault XP
 C = Vault XP percentage of total XP
 D = Non-vault monster count
 E = Vault monster count
 F = Vault count percentage of total count
                 A         B        C        D         E       F
            +---------+---------+-------+---------+---------+-------
      Total |     110 |       2 |   1.8 |      50 |       2 |   3.8
            +---------+---------+-------+---------+---------+-------
        D:1 |      62 |       0 |   0.0 |      30 |       0 |   0.0
        D:2 |      41 |       2 |   4.7 |      17 |       2 |  10.5
        D:3 |       7 |       0 |   0.0 |       3 |       0 |   0.0
            +---------+---------+-------+---------+---------+-------
